 Dungeon Crawl Stone Soup version 0.31.0-11-ge490571c62 (webtiles) character file.

Game seed: 14869579121084990440

11 Zeor the Ducker (level 2, -6/22 HPs)
             Began as a Demonspawn Gladiator on Jan 26, 2024.
             Mangled by a gnoll
             ... wielding a +0 spear
              (9 damage)
             ... on level 1 of the Dungeon.
             The game lasted 00:01:41 (609 turns).

Zeor the Ducker (Demonspawn Gladiator)               Turns: 609, Time: 00:01:42

Health: -6/22      AC:  4    Str: 14    XL:     2   Next: 13%
Magic:  2/2        EV: 12    Int:  8    God:
Gold:   36         SH:  0    Dex: 14    Spells: 1/1 levels left

rFire   . . .        a - +0 long sword
rCold   . . .        (no shield)
rNeg    . . .        b - +0 leather armour
rPois   .            c - +0 helmet
rElec   .            (no cloak)
rCorr   .            (no gloves)
SInv    .            (no boots)
Will    .....        (no amulet)
Stlth   +            (no ring)
HPRegen 0.23/turn    (no ring)
MPRegen 0.08/turn

%: no passive effects
@: no status effects
A: powered by death 1
a: no special abilities


You were on level 1 of the Dungeon.
You visited 1 branch of the dungeon, and saw 1 of its levels.

You collected 36 gold pieces.

Inventory:

Hand Weapons
 a - a +0 long sword (weapon)
Missiles
 d - 3 throwing nets (quivered)
 e - a javelin
Armour
 b - a +0 leather armour (worn)
 c - a +0 helmet (worn)
Potions
 f - a potion of haste {unknown}
 g - a potion of curing
 h - a potion of might {unknown}
 i - 2 potions of attraction {unknown}


   Skills:
 * Level 2.0 Fighting
 + Level 2.7 Long Blades
 + Level 2.1 Throwing
 + Level 3.0 Dodging
 * Level 0.3 Spellcasting


You had one spell level left.
You didn't know any spells.
Your spell library contained the following spells:

 Spells                   Type           Power      Damage    Failure   Level
 Vhi's Electric Charge    Tloc/Air       0%         N/A       99%         4
 Arcjolt                  Conj/Air       0%         1d10      100%        5
 Maxwell's Capacitive Co  Air            0%         ∞         100%        8


Dungeon Overview and Level Annotations

Branches:
Dungeon (1/15)

Altars:


Innate Abilities, Weirdness & Mutations

You regenerate a little health from kills.


Message History

The goblin is severely wounded.
The goblin barely misses you.
You barely miss the goblin.
The goblin is severely wounded.
The goblin hits you with a +0 club.
You slash the goblin!
You kill the goblin!
You see here a +0 club.
i - a +0 club You drop a +0 club.
You now have 28 gold pieces (gained 3).
You start waiting.
Done waiting.
You now have 36 gold pieces (gained 8).
g - 2 fizzy emerald potions (gained 1)
i - 2 green potions A gnoll comes into view.
It is wielding a +0 spear.
The gnoll shouts!
The gnoll barely misses you.
You closely miss the gnoll. The gnoll hits you but does no damage.
You closely miss the gnoll. The gnoll hits you with a +0 spear.
You hit the gnoll.
The gnoll is lightly wounded.
The gnoll hits you with a +0 spear!
You barely miss the gnoll.
The gnoll is lightly wounded.
The gnoll hits you with a +0 spear!
* * * LOW HITPOINT WARNING * * *
The gnoll hits you with a +0 spear.
* * * LOW HITPOINT WARNING * * *
You closely miss the gnoll.
The gnoll is lightly wounded.
The gnoll hits you with a +0 spear.
* * * LOW HITPOINT WARNING * * *
It was a potion of curing.
You feel better. The gnoll hits you with a +0 spear.
* * * LOW HITPOINT WARNING * * *
You hit the gnoll.
The gnoll is lightly wounded.
The gnoll hits you with a +0 spear!
You die...

∙∙∙∙∙∙∙∙∙∙∙∙∙∙∙∙▒▒∙▒
▒▒▒▒▒∙∙∙∙∙▒▒▒▒▒∙∙▒∙▒
▒∙∙b▒∙∙∙∙∙▒P∙∙▒∙∙∙∙▒
▒▒▒P▒▒▒∙▒▒▒P▒▒▒▒∙▒▒▒
▒∙∙∙▒∙▒∙∙P▒ ▒∙▒
▒▒▒∙▒∙▒b▒▒▒ ▒∙▒
▒∙▒∙▒∙▒ ▒∙▒
▒▒▒∙▒▒▒▒▒▒▒▒∙▒
▒∙6g∙∙∙∙∙∙∙▒
▒▒▒▒▒▒▒▒▒▒▒▒


You could see a gnoll.

Vanquished Creatures
  An endoplasm (D:1)
  A giant cockroach (D:1)
  2 goblins (D:1)
  4 jackals (D:1)
8 creatures vanquished.

Notes
Turn   | Place    | Note
-------+----------+-------------------------------------------
     0 | D:1      | Zeor the Demonspawn Gladiator began the quest for the Orb.
     0 | D:1      | Reached XP level 1. HP: 16/16 MP: 1/1
   381 | D:1      | Reached skill level 3 in Dodging
   408 | D:1      | Gained mutation: You regenerate a little health from kills.
                  | [demonic ancestry]
   408 | D:1      | Reached XP level 2. HP: 18/22 MP: 2/2
   609 | D:1      | Mangled by a gnoll

Illustrated notes

Levels and vault maps discovered:
D:1:      nzn_arrival_water_spiral, layout_basic, serial_aquarium,
          aquarium_bridge_island_small [aquarium_subvault_small_open,
          aquarium_subvault_bridge, aquarium_subvault_bridge,
          aquarium_subvault_bridge, aquarium_subvault_bridge],
          aquarium_bridge_straight [aquarium_subvault_bridge,
          aquarium_subvault_wall, aquarium_subvault_bridge,
          aquarium_subvault_wall], aquarium_window_3, aquarium_window_corner,
          aquarium_window_fake, aquarium_view_2d, aquarium_pool_1

Skill      XL: |  1 |
---------------+----+-----
Dodging        | 3 |  3.0
Throwing       | 2 |  2.1
Fighting       | |  2.0
Long Blades    | |  2.7
Spellcasting   | |  0.3

Action                     || total
---------------------------++-------
  Melee: Long sword        ||    39
    Use: Potion            ||     1
 Armour: Leather armour    ||    29
  Dodge: Dodged            ||    27
